Map: Whirlwind LE (Void)

Players

Fropez - Winner!

  • Race: Protoss Protoss
  • League: Gold
  • Spawn Location: 5:00

NeO

  • Race: Terran Terran
  • League: Gold
  • Spawn Location: 1:00

VOD

Have the link to the VOD?

Description

Time

  • Played on: Jan. 9, 2017, 5:19 p.m.
  • Length: 8:17
Show
View Real Time Build Order
Export as new Build Order

Fropez Protoss - Winner!

Build Orders: 1 Gate Expand, Mass Adepts 

Get SALT Encoding   

  12  0:02  Probe (Chrono Boost)  
  13  0:12  Probe (Chrono Boost)  
  14  0:19  Pylon  
  14  0:32  Probe (Chrono Boost)  
  15  0:37  Assimilator  
  15  0:40  Gateway  
  15  0:45  Probe (Chrono Boost)  
  16  0:59  Probe (Chrono Boost)  
  17  1:10  Probe (Chrono Boost)  
  18  1:20  Nexus  
  18  1:23  Probe (Chrono Boost)  
  19  1:41  Probe (Chrono Boost)  
  19  1:42  Cybernetics Core  
  20  1:55  Probe (Chrono Boost)  
  20  1:58  Pylon  
  21  2:12  Probe (Chrono Boost)  
  22  2:20  Gateway  
  22  2:24  Gateway  
  22  2:25  Probe (Chrono Boost)  
  23  2:35  Probe (Chrono Boost)  
  23  2:36  Warp Gate  
  24  2:38  Probe (Chrono Boost)  
  25  2:49  Mothership Core (Chrono Boost)  
  27  2:57  Adept  
  26  3:12  Adept x2  
  31  3:13  Probe x2 (Chrono Boost)  
  31  3:16  Assimilator  
  32  3:24  Probe (Chrono Boost)  
  32  3:25  Probe (Chrono Boost)  
  34  3:31  Adept  
  36  3:38  Pylon  
  36  3:39  Adept, Probe (Chrono Boost)  
  36  3:40  Probe (Chrono Boost)  
  40  3:50  Adept  
  40  3:55  Probe (Chrono Boost)  
  44  3:56  Probe (Chrono Boost)  
  44  3:58  Adept  
  46  4:02  Pylon  
  46  4:04  Assimilator  
  46  4:06  Probe (Chrono Boost)  
  46  4:09  Adept  
  45  4:48  Gateway  
  45  4:52  Gateway  
  45  4:54  Gateway  
  45  4:56  Adept x3  
  45  5:13  Twilight Council  
  45  5:19  Pylon  
  45  5:30  Stalker x3  
  51  5:37  Resonating Glaives  
  51  5:49  Gateway  
  51  5:53  Nexus  
  49  5:57  Pylon x2  
  49  5:58  Assimilator  
  45  6:19  Adept x3  
  45  6:20  Adept x3  
  57  6:33  Gateway  
  57  6:37  Forge  
  57  7:01  Probe (Chrono Boost)  
  59  7:02  Probe (Chrono Boost)  
  59  7:07  Adept x4  
  59  7:08  Adept x2  
  71  7:11  Probe (Chrono Boost)  
  71  7:15  Probe (Chrono Boost)  
  74  7:16  Probe (Chrono Boost)  
  74  7:36  Adept x2  
  78  7:37  Adept x2  
  82  7:54  Adept  
  82  7:55  Adept x2  
Show
View Real Time Build Order
Export as new Build Order

NeO Terran 

Build Orders:  

Get SALT Encoding   

  12  0:01  SCV  
  13  0:13  SCV  
  14  0:22  Supply Depot  
  14  0:25  SCV  
  15  0:44  SCV  
  15  0:45  Barracks  
  16  0:50  Refinery  
  16  0:56  SCV  
  17  1:08  SCV  
  18  1:20  SCV  
  19  1:32  SCV  
  20  1:33  Reaper  
  21  1:40  Barracks  
  21  1:44  Engineering Bay  
  21  1:47  Supply Depot  
  21  2:15  Terran Infantry Armor Level 1  
  21  2:28  Command Center  
  21  2:33  Marine  
  21  2:34  Marine  
  23  2:51  Marine x2  
  24  3:17  Orbital Command  
  24  3:18  Marine x2  
  26  3:26  Refinery, Factory  
  26  3:36  Marine x2  
  28  3:46  Engineering Bay  
  28  3:50  Barracks  
  28  3:52  SCV  
  28  3:54  SCV  
  30  3:59  Barracks Tech Lab  
  30  4:04  SCV  
  30  4:06  SCV  
  32  4:11  Barracks Reactor  
  32  4:15  Terran Infantry Weapons Level 1  
  33  4:18  SCV  
  33  4:20  Factory Tech Lab  
  27  4:57  Marine x2  
  27  4:58  Marine  
  30  5:14  Siege Tank  
  33  5:20  SCV  
  32  5:32  SCV  
  33  5:38  Marine x3  
  33  5:39  Marine  
  37  5:44  SCV  
  38  5:56  Marine x2, SCV  
  40  6:21  SCV  
  40  6:24  Barracks Reactor  
  40  6:25  Siege Tank  
  44  6:30  Concussive Shells  
  44  6:33  SCV  
  44  6:37  Barracks  
  44  6:38  Supply Depot  
  45  6:40  Supply Depot  
  45  6:45  SCV  
  46  7:00  SCV  
  46  7:01  Marauder  
  49  7:11  Missile Turret  
  49  7:12  SCV  
  50  7:15  Missile Turret  
  50  7:22  Marauder  
  52  7:24  SCV, Starport  
  52  7:25  Barracks Tech Lab  
  52  7:27  Armory  
  53  7:36  SCV  
  54  7:47  Marauder  
  54  7:48  SCV, Marauder  
  59  7:53  Refinery  
Tags
 
Composition
Mass Adepts
League
GoldGold
Matchup
PvT
Replay Pack
All Mines
Spawn Locations
Close Positions
Add a new tag
Caveats
  • Supply blocks, unpowered buildings, or Contaminate may cause inaccurate times.
  • Supply counts are checked every 10 seconds.